 Dungeon Crawl Stone Soup version 0.29.1-15-g9cfb28693d (webtiles) character file.

Game seed: 12212607546887944013

79518 croobank the Fighter (level 15, 0/117 HPs)
             Began as a Demonspawn Conjurer on Feb 28, 2023.
             Was an Initiate of Gozag.
             Slain by an orc knight
             ... wielding a +0 dire flail
              (17 damage)
             ... on level 2 of the Orcish Mines.
             The game lasted 02:24:03 (32087 turns).

croobank the Fighter (Demonspawn Conjurer)         Turns: 32087, Time: 02:24:04

Health: 0/117      AC: 26    Str: 11    XL:     15   Next: 21%
Magic:  2/28       EV: 19    Int: 25    God:    Gozag
Gold:   4783       SH: 11    Dex: 13    Spells: 12/32 levels left

rFire   + . .      SeeInvis .   O - +9 long sword (freeze)
rCold   . . .      Faith    .   J - +2 buckler {AC+3}
rNeg    . . .      Spirit   .   N - +5 steam dragon scales
rPois   .          Reflect  .   (no helmet)
rElec   +          Harm     .   y - +2 cloak {rCorr}
rCorr   +          Rampage  .   (gloves unavailable)
Will    +....                   o - +1 pair of boots
Stlth   ++++......              t - amulet of regeneration
HPRegen 1.09/turn               W - ring "Vyrelaes" {rElec AC+4 Str+3}
MPRegen 0.21/turn               q - ring of protection from fire

@: gold aura, repel missiles
A: claws 3, repulsion field 3, demonic guardian 3, icemail 1, condensation
shield
a: Renounce Religion, Potion Petition, Call Merchant, Bribe Branch


You were on level 2 of the Orcish Mines.
You worshipped Gozag.
Gozag was most pleased with you.
You visited 4 branches of the dungeon, and saw 21 of its levels.
You also visited: Bailey and Gauntlet.

You collected 7144 gold pieces.
You spent 98 gold pieces at shops.
You paid 2263 gold pieces to Gozag.

Inventory:

Hand Weapons
 h - a +3 scimitar of flaming
 m - a +3 dagger
 p - a +0 demon whip
 v - a +0 antimagic spear
 A - a +2 vorpal long sword
 M - a +3 morningstar of flaming
 O - a +9 long sword of freezing (weapon)
Missiles
 e - a throwing net
 l - 14 javelins
Armour
 a - a +0 robe of fire resistance
 d - a +1 kite shield of protection
 o - a +1 pair of boots (worn)
 y - a +2 cloak of preservation (worn)
 J - a +2 buckler of protection (worn)
 N - +5 steam dragon scales (worn)
Magical Staves
 Z - a staff of conjuration
Jewellery
 c - a ring of resist corrosion
 q - a ring of protection from fire (right claw)
 s - a +4 ring of evasion
 t - an amulet of regeneration (around neck)
 u - the ring "Kuly" {rPois rF+ rN+ Will+ Dex-5}
   (You found it in a Gauntlet)

   [ring of protection from fire]

   Dex:       It affects your dexterity (-5).
   rF:        It protects you from fire.
   rPois:     It protects you from poison.
   rN:        It protects you from negative energy.
   Will:      It increases your willpower.
 x - a ring of flight
 C - a ring of wizardry
 E - a ring of see invisible
 T - a +6 ring of intelligence
 W - the ring "Vyrelaes" (left claw) {rElec AC+4 Str+3}
   (You acquired it on level 8 of the Dungeon)

   [ring of protection]

   AC:        It affects your AC (+4).
   Str:       It affects your strength (+3).
   rElec:     It insulates you from electricity.
Wands
 i - a wand of mindburst (11)
 k - a wand of polymorph (12)
 H - a wand of charming (22)
 I - a wand of flame (41)
 S - a wand of digging (3)
 X - a wand of iceblast (5)
Scrolls
 j - 5 scrolls of fear
 z - a scroll of enchant armour
 F - 6 scrolls of identify
 G - 2 scrolls of magic mapping
 K - 5 scrolls of amnesia
 P - 4 scrolls of teleportation
 U - 2 scrolls of vulnerability
Potions
 b - 2 potions of magic
 f - 6 potions of curing
 r - 2 potions of might
 w - 3 potions of attraction
 B - 2 potions of berserk rage
 D - 6 potions of haste
 L - a potion of cancellation
 Q - 3 potions of heal wounds
 R - a potion of brilliance
 V - a potion of invisibility
Miscellaneous
 g - a tin of tremorstones (2/2)
 n - a piece from Xom's chessboard (15/15)
 Y - a lightning rod (4/4)


   Skills:
 + Level 10.5 Fighting
 + Level 1.6 Long Blades
 + Level 8.3 Dodging
 + Level 9.0 Stealth
 + Level 3.7 Shields
 + Level 9.4 Spellcasting
 - Level 9.4 Conjurations
 - Level 7.7 Hexes
 + Level 7.4 Transmutations
 - Level 8.7 Ice Magic
 - Level 8.7 Air Magic


You had 12 spell levels left.
You knew the following spells:

 Your Spells              Type           Power      Damage    Failure   Level
a - Magic Dart            Conj           100%       1d8       1%          1
b - Searing Ray           Conj           100%       2d8       1%          2
c - Dazzling Flash        Conj/Hex       100%       N/A       1%          3
d - Fulminant Prism       Conj/Hex       26%        3d14      1%          4
e - Freezing Cloud        Conj/Ice/Air   27%        6-21      4%          5
f - Irradiate             Conj/Tmut      26%        3d20      6%          5

Your spell library contained the following spells:

 Spells                   Type           Power      Damage    Failure   Level
 Frozen Ramparts          Ice            100%       1d16      1%          3
 Cause Fear               Hex            25%        N/A       2%          4
 Ice Form                 Ice/Tmut       51%        N/A       2%          4
 Conjure Flame            Conj/Fire      35%        6-21      3%          3
 Inner Flame              Hex/Fire       31%        N/A       4%          3
 Portal Projectile        Hex/Tloc       62%        N/A       4%          3
 Silence                  Hex/Air        26%        N/A       6%          5
 Necrotise                Necr           44%        1d6       7%          1
 Ignite Poison            Fire/Tmut/Pois 24%        N/A       8%          3
 Blade Hands              Tmut           24%        N/A       9%          5
 Iskenderun's Mystic Bla  Conj/Tloc      35%        2d8       10%         4
 Sticky Flame             Conj/Fire      35%        2d5       10%         4
 Summon Ice Beast         Ice/Summ       33%        N/A       12%         4
 Leda's Liquefaction      Hex/Erth       15%        N/A       14%         4
 Call Canine Familiar     Summ           11%        N/A       21%         3
 Vampiric Draining        Necr           11%        2d6       21%         3
 Alistair's Intoxication  Tmut/Pois      20%        N/A       38%         5
 Passage of Golubria      Tloc           11%        N/A       56%         4
 Agony                    Necr           11%        N/A       88%         5
 Borgnjor's Vile Clutch   Necr/Erth      5%         N/A       88%         5
 Eringya's Noxious Bog    Tmut/Pois      15%        N/A       93%         6
 Dragon Form              Tmut           24%        N/A       95%         7
 Discord                  Hex            25%        N/A       100%        8
 Lehudib's Crystal Spear  Conj/Erth      17%        10d5      100%        8
 Polar Vortex             Ice            26%        N/A       100%        9
 Simulacrum               Ice/Necr       Unusable   N/A       N/A         6

Dungeon Overview and Level Annotations

Branches:
Dungeon (13/15)            Temple (1/1) D:5            Lair (5/5) D:8
 Shoals (0/4) Lair:2        Snake (0/4) Lair:3        Slime (0/5) Lair:4
    Orc (2/2) D:9             Elf (0/3) Orc:2        Bailey (visited)
Gauntlet (visited)
 Vaults: D:13-14

Altars:
Ashenzari
Cheibriados
Dithmenos
Fedhas
Gozag
Hepliaklqana
Kikubaaqudgha
Makhleb
Nemelex Xobeh
Okawaru
Qazlal
Ru
Sif Muna
Trog
Uskayaw
Vehumet
Wu Jian
Xom
Yredelemnul

Shops:
D:7 [   D:8 *   D:9 [   D:12 ([*   Orc:1 :

Annotations:
D:2 1 runed translucent door, Crazy Yiuf
Lair:4 1 runed translucent door


Innate Abilities, Weirdness & Mutations

You have claws for hands.
You are surrounded by a strong repulsion field. (EV +4, RMsl)
A powerful demonic guardian rushes to your aid.
A meltable icy envelope protects you from harm. (AC +4)
A meltable shield of frost defends you. (SH +4)


Message History

The orange demon is engulfed in freezing vapours.
The orange demon stings you but does no damage.
You block the orange demon's attack.
Your fulminant prism crackles loudly.
The orc high priest is engulfed in freezing vapours.
You block the orc knight's attack.
The orc high priest is engulfed in freezing vapours.
You kill the orc high priest!
The orange demon disappears in a puff of smoke!
Your Stealth skill increases to level 9!
You hit the orc knight. You freeze the orc knight.
The orc knight is moderately wounded.
The orc high priest is no longer distracted by gold.
Your fulminant prism explodes!
The blast of energy engulfs the orc high priest!
You kill the orc high priest!
The blast of energy engulfs the orc knight!!
The orc knight is severely wounded.
The orc knight completely misses you.
You hit the orc knight but do no damage.
The orc knight is severely wounded.
An orc knight comes into view. It is wielding a +0 great sword.
The orc knight barely misses you. The orc knight misses you.
The orc knight roars a battlecry!
You closely miss the orc knight.
The orc knight is severely wounded.
The orc knight hits you but does no damage.
Casting: Fulminant Prism (mildly dangerous; 1% risk of failure)
Confirm with . or Enter, or press ? or * to list all spells.
You don't have enough magic to cast this spell.
Unknown command.
You hit the orc knight but do no damage.
The orc knight is severely wounded.
The orc knight hits you with a +0 dire flail!!
* * * LOW HITPOINT WARNING * * *
A demonic guardian appears!
The orc knight attacks as you move away!
The orc knight hits you with a +0 dire flail!
You die...
Your body crumbles into a pile of gold.

......[....# .....#..#.##
## ....##...## ##.
..#.###.## #.. .#...####
##.÷ ......# #§o☼ ##
......## #§☼§## ...
.).#...# #§§§o### ....
.)..#.#######§§3@.#####....
..[.###.#.#.##$.$..........
...###.......##.........#..
[...###.......###.)........
$
...#.##......[..##.$.......
...[............)..........
..##.[)......[.............
###.........)..[)..........
##.[...[.....)...........


You could see 2 orc knights and a friendly sun demon (summoned).

Vanquished Creatures
  A minotaur (Gauntlet)
  5 hydras (Lair:5)
  A boulder beetle (Lair:5)
  4 two-headed ogres
  A tengu warrior (D:11)
  10 death yaks
  3 orc high priests (Orc:2)
  Pikel (D:7)
  A deep elf pyromancer (D:12)
  A large abomination (Gauntlet)
  4 orc knights
  3 orc sorcerers
  3 manticores
  An oklob plant (Lair:3)
  4 cyclopes (D:12)
  3 black mambas
  7 cane toads
  2 torpor snails (Lair:5)
  7 komodo dragons
  4 rime drakes
  5 trolls
  6 hornets (Lair:5)
  5 polar bears
  Prince Ribbit (D:7)
  11 blink frogs
  A raiju (Gauntlet)
  8 dream sheep
  A wraith (D:11)
  A centaur simulacrum (D:10)
  12 spriggans (Lair:5)
  Sigmund (D:2)
  37 yaks
  An unseen horror simulacrum (D:10)
  2 shadows
  3 basilisks
  5 wyverns
  2 steam dragons
  4 vampire mosquitoes (D:11)
  3 nagas (Lair:3)
  An acid dragon (D:11)
  Duvessa (D:5)
  A warg (Orc:2)
  19 water moccasins
  A hell hound (Gauntlet)
  5 small abominations (Gauntlet)
  30 orc warriors
  7 black bears
  5 ice beasts (D:10)
  6 ogres
  5 boggarts (Lair:5)
  26 wolves
  6 centaurs
  A lemure (D:7)
  A phantom (D:6)
  12 bullfrogs
  2 gnoll sergeants (D:11)
  A necrophage (D:5)
  3 scorpions (D:5)
  14 wights
  Dowan (D:5)
  10 killer bees
  3 electric eels
  5 howler monkeys
  12 orc priests
  A gnoll bouda (D:4)
  3 hounds
  2 jellies
  21 orc wizards
  4 hell rats (Lair:5)
  11 gnolls
  16 adders
  2 shadow imps (D:5)
  4 white imps
  An ufetubus (D:7)
  4 dart slugs
  89 orcs
  4 bats
  11 endoplasms
  3 giant cockroaches
  6 goblins
  5 hobgoblins
  2 jackals (D:3)
  7 kobolds
  3 quokkas
  22 ball pythons
  3 frilled lizards
  9 rats
  A bush (Lair:5)
  2 butterflies (Lair:5)
  3 fulminant prisms
592 creatures vanquished.

Vanquished Creatures (collateral kills)
  A balrug (Gauntlet)
  2 apis (D:13)
  A boulder beetle (D:11)
  Erica (Lair:1)
  A necromancer (D:13)
  A deep elf pyromancer (D:11)
  A centaur zombie (D:13)
  A black mamba (Lair:5)
  3 centaur skeletons (D:13)
  Maggie (D:7)
  A centaur simulacrum (D:13)
  A yak (Lair:5)
  A steam dragon (D:8)
  Menkaure (D:6)
  2 water moccasins
  A hell hound (Gauntlet)
  3 orc warriors
  An ogre (D:6)
  A wolf (Lair:5)
  A centaur (D:7)
  A lemure (D:7)
  A kobold brigand (D:12)
  2 wights (D:8)
  9 killer bees (D:8)
  2 orc priests
  An orc wizard (D:8)
  4 orcs
  4 goblins (D:8)
50 creatures vanquished.

Vanquished Creatures (others)
  A kobold demonologist (D:12)
  An orc priest (Orc:2)
  2 orc wizards
  A bush (Lair:4)
  25 demonic plants (Gauntlet)
  137 fulminant prisms
  43 fungi
  77 plants
287 creatures vanquished.

Grand Total: 929 creatures vanquished

Notes
Turn   | Place    | Note
-------+----------+-------------------------------------------
     0 | D:1      | croobank the Demonspawn Conjurer began the quest for the
                  | Orb.
     0 | D:1      | Reached XP level 1. HP: 13/13 MP: 3/3
   454 | D:1      | Gained mutation: You have sharp fingernails. [demonic
                  | ancestry]
   454 | D:1      | Reached XP level 2. HP: 19/19 MP: 0/5
   457 | D:1      | Learned a level 2 spell: Searing Ray
  1034 | D:1      | Gained mutation: You have very sharp fingernails. [demonic
                  | ancestry]
  1034 | D:1      | Reached XP level 3. HP: 24/24 MP: 6/6
  1756 | D:2      | Learned a level 3 spell: Dazzling Flash
  1840 | D:2      | Gained mutation: A weak demonic guardian rushes to your
                  | aid. [demonic ancestry]
  1840 | D:2      | Reached XP level 4. HP: 26/30 MP: 2/7
  2525 | D:2      | Gained mutation: You are surrounded by a mild repulsion
                  | field. (EV +2) [demonic ancestry]
  2525 | D:2      | Reached XP level 5. HP: 35/35 MP: 7/9
  2771 | D:2      | Found a runed translucent door.
  2772 | D:2      | Noticed Crazy Yiuf
  2829 | D:2      | Noticed Sigmund
  2840 | D:2      | Killed Sigmund
  2841 | D:2      | Reached skill level 5 in Conjurations
  2841 | D:2      | Gained mutation: You are surrounded by a moderate repulsion
                  | field. (EV +3) [demonic ancestry]
  2841 | D:2      | Reached XP level 6. HP: 31/41 MP: 1/11
  3464 | D:3      | Found a basalt altar of Yredelemnul.
  3928 | D:3      | Found a faded altar of an unknown god.
  4506 | D:3      | Learned a level 4 spell: Fulminant Prism
  4900 | D:4      | Reached skill level 1 in Fighting
  5239 | D:4      | Reached skill level 1 in Hexes
  5239 | D:4      | Reached XP level 7. HP: 49/49 MP: 6/12
  5992 | D:5      | Entered Level 5 of the Dungeon
  6107 | D:5      | Reached skill level 2 in Fighting
  6191 | D:5      | Found a staircase to the Ecumenical Temple.
  6218 | Temple   | Entered the Ecumenical Temple
  6348 | Temple   | Became a worshipper of Gozag Ym Sagoz the Greedy
  6991 | D:5      | Reached skill level 3 in Fighting
  6995 | D:5      | Gained mutation: A meltable shield of frost defends you.
                  | (SH +4) [demonic ancestry]
  6995 | D:5      | Reached XP level 8. HP: 58/58 MP: 3/14
  7080 | D:5      | Noticed Duvessa
  7086 | D:5      | Noticed Dowan
  7093 | D:5      | Killed Dowan
  7562 | D:5      | Killed Duvessa
  8117 | D:6      | Noticed Menkaure
  8127 | D:6      | Killed Menkaure
  8128 | D:6      | Reached skill level 4 in Fighting
  8251 | D:6      | Reached skill level 5 in Stealth
  8941 | D:6      | Gained mutation: A demonic guardian rushes to your aid.
                  | [demonic ancestry]
  8941 | D:6      | Reached XP level 9. HP: 67/67 MP: 1/16
  9217 | D:6      | Reached skill level 5 in Fighting
  9368 | D:6      | Reached skill level 5 in Dodging
  9506 | D:6      | Reached skill level 5 in Spellcasting
  9973 | D:7      | Noticed Maggie
  9981 | D:7      | Killed Maggie
 10631 | D:7      | Found Maeni's Armour Shoppe.
 10696 | D:7      | Reached skill level 6 in Fighting
 10917 | D:7      | Noticed Prince Ribbit
 10926 | D:7      | Killed Prince Ribbit
 11076 | D:7      | Noticed Pikel
 11087 | D:7      | Killed Pikel
 11092 | D:7      | Reached XP level 10. HP: 77/77 MP: 4/18
 11376 | D:8      | Found a flagged portal.
 11516 | D:8      | Reached skill level 7 in Fighting
 11534 | Bailey   | Entered a bailey
 11792 | Bailey   | Reached skill level 5 in Hexes
 12337 | D:8      | Found a staircase to the Lair.
 12406 | D:8      | Found Pefu's Practical Paraphernalia.
 13688 | D:8      | Found a shimmering altar of Xom.
 13799 | D:9      | Reached skill level 8 in Fighting
 14388 | D:9      | Found a staircase to the Orcish Mines.
 14423 | D:9      | Acquired the ring "Vyrelaes" {rElec AC+4 Str+3}
 14427 | D:9      | Noticed Joseph
 14447 | D:9      | Noticed Joseph
 14447 | D:9      | Joseph changed into Joseph the rime drake
 14456 | D:9      | Killed Joseph the rime drake
 14457 | D:9      | Reached XP level 11. HP: 52/86 MP: 2/20
 14656 | D:9      | You fall into a shaft and drop 1 floor!
 14656 | D:10     | Entered Level 10 of the Dungeon
 14723 | D:9      | Acquired a staff of conjuration
 14957 | D:9      | Found Leikk's Armour Shop.
 15105 | D:9      | Noticed a two-headed ogre
 15154 | D:9      | Killed a two-headed ogre
 15289 | D:9      | Found a snail-covered altar of Cheibriados.
 15691 | D:10     | Found a sparkling altar of Nemelex Xobeh.
 15988 | D:10     | Reached skill level 9 in Fighting
 16253 | D:10     | Found a radiant altar of Vehumet.
 17582 | D:11     | Noticed a deep elf pyromancer
 17590 | D:11     | Noticed a tengu warrior
 17603 | D:11     | Killed a tengu warrior
 17607 | D:11     | Killed a deep elf pyromancer
 18104 | D:12     | Noticed a two-headed ogre
 18112 | D:12     | Killed a two-headed ogre
 18113 | D:12     | Reached skill level 1 in Shields
 18133 | D:12     | Identified the +0 robe of Hikon {rCorr}
 18152 | D:12     | Found Voggosk's General Store.
 18215 | D:12     | Bought a wand of mindburst (7) for 98 gold pieces
 18227 | D:12     | Found Rown's Antique Armour Boutique.
 18236 | D:12     | Gained mutation: You have claws for hands. [demonic
                  | ancestry]
 18236 | D:12     | Reached XP level 12. HP: 97/97 MP: 23/23
 18298 | D:12     | Gained mutation: You are surrounded by a strong repulsion
                  | field. (EV +4, RMsl) [demonic ancestry]
 18298 | D:12     | Reached XP level 13. HP: 102/102 MP: 2/24
 18467 | D:12     | Identified the +2 short sword of the Wizarding Genius
                  | {vorpal, +Blink Int+2}
 18526 | D:12     | Found Fufobu's Weapon Shop.
 18976 | D:12     | Reached skill level 10 in Fighting
 19107 | D:13     | Noticed an apis
 19127 | D:13     | Noticed an apis
 19131 | D:13     | Killed an apis
 19152 | D:13     | Killed an apis
 19388 | D:8      | Learned a level 5 spell: Freezing Cloud
 19394 | D:8      | Learned a level 5 spell: Irradiate
 19395 | Lair:1   | Entered Level 1 of the Lair of Beasts
 19437 | Lair:1   | Noticed Erica
 19489 | Lair:1   | Killed Erica
 20241 | Lair:2   | Found a gate leading to a gauntlet.
 20297 | Gauntlet | Entered a Gauntlet
 20297 | Gauntlet | Found a transporter.
 20306 | Gauntlet | Found a transporter.
 20321 | Gauntlet | Found a transporter.
 20326 | Gauntlet | Found a transporter.
 20343 | Gauntlet | Found a transporter.
 20361 | Gauntlet | Found a transporter.
 20373 | Gauntlet | Found a transporter.
 20385 | Gauntlet | Found a transporter.
 20385 | Gauntlet | Noticed a balrug
 20397 | Gauntlet | Found a transporter.
 20409 | Gauntlet | Found a transporter.
 20411 | Gauntlet | Noticed an entropy weaver
 20415 | Gauntlet | Found a transporter.
 20415 | Gauntlet | Found a transporter.
 20454 | Gauntlet | Found a transporter.
 20479 | Gauntlet | Found a transporter.
 20481 | Gauntlet | Found a transporter.
 20501 | Gauntlet | Found a transporter.
 20514 | Gauntlet | Found a transporter.
 20546 | Gauntlet | Found a transporter.
 20820 | Gauntlet | Reached skill level 1 in Ice Magic
 20827 | Gauntlet | Reached skill level 1 in Air Magic
 20927 | Gauntlet | Killed a balrug
 20952 | Gauntlet | Identified the ring "Kuly" {rPois rF+ rN+ Will+ Dex-5}
 20968 | Gauntlet | Identified the +1 chain mail "Mit Yma" {rN+ Str+4}
 20968 | Gauntlet | Noticed a minotaur
 20987 | Gauntlet | Killed a minotaur
 21355 | Lair:2   | Found a staircase to the Shoals.
 22606 | Lair:3   | Reached skill level 5 in Ice Magic
 22629 | Lair:3   | Reached skill level 5 in Air Magic
 22629 | Lair:3   | Gained mutation: A meltable icy envelope protects you from
                  | harm. (AC +4) [demonic ancestry]
 22629 | Lair:3   | Reached XP level 14. HP: 99/110 MP: 9/26
 22774 | Lair:3   | Found a staircase to the Snake Pit.
 23138 | Lair:3   | Found an opulent altar of Gozag.
 23970 | Lair:4   | Found a runed translucent door.
 23972 | Lair:4   | Noticed an azure jelly
 23975 | Lair:4   | Found a staircase to the Slime Pits.
 23975 | Lair:4   | Noticed an azure jelly
 25328 | Lair:5   | Entered Level 5 of the Lair of Beasts
 26614 | Lair:5   | Paralysed by a hornet for 2 turns
 28025 | Lair:5   | Paralysed by a hornet for 2 turns
 29317 | Orc:1    | Entered Level 1 of the Orcish Mines
 29364 | Orc:1    | Found Apiusm's Book Emporium.
 29561 | Orc:1    | Gained mutation: A powerful demonic guardian rushes to your
                  | aid. [demonic ancestry]
 29561 | Orc:1    | Reached XP level 15. HP: 115/115 MP: 23/28
 29937 | Orc:1    | Paralysed by an orc sorcerer for 3 turns
 30226 | Orc:2    | Entered Level 2 of the Orcish Mines
 30426 | Orc:2    | Found a staircase to the Elven Halls.
 30682 | Orc:2    | Reached skill level 1 in Long Blades
 32087 | Orc:2    | Slain by an orc knight

Illustrated notes

Levels and vault maps discovered:
D:1:      wander_arrival_abandoned_jail, layout_loops_ring
D:2:      layout_loops_ring, minmay_snake_closets, uniq_crazy_yiuf_cottage,
          uniq_sigmund
D:3:      layout_loops_ring, mainiacjoe_overflow_paths,
          hellmonk_ecumenical_altar_slurped_away, grunt_ministairs_4
D:4:      layout_layer_cave
D:5:      layout_basic, minmay_temple_entry_arrows, uniq_duvessa
D:6:      layout_basic, uniq_menkaure
D:7:      layout_loops_cross, serial_shops, nicolae_shop_crystal,
          grunt_decor_clamped, uniq_prince_ribbit1, uniq_maggie, uniq_pikel
D:8:      layout_cave_pools, mainiacjoe_overflow_alcove_1,
          mainiacjoe_overflow_alcove_2, david_lair_generic, enter_bailey_5,
          nicolae_alphabet_shops
D:9:      layout_roguey, mainiacjoe_overflow_small_starburst, david_orc_5,
          serial_shops, shop, serial_rivers, chequers_serial_rivers_small_b,
          chequers_serial_rivers_micro_a, chequers_serial_rivers_small_3,
          chequers_serial_rivers_large_b, chequers_serial_rivers_micro_a,
          kennysheep_generic_room_5, uniq_joseph
D:10:     layout_irregular_city, mainiacjoe_overflow_24_doors,
          mainiacjoe_overflow_cross_hatched, lemuel_crystal_altar, serial_ice,
          serial_ice_k, serial_ice_g, serial_ice_o, serial_ice_d, serial_ice_m,
          serial_ice_c
D:11:     minmay_cornered_nines, layout_cross, corner_web_ring,
          corexii_leaking_fountain
D:12:     layout_basic, serial_shops, nicolae_shop_hallway_plus,
          nicolae_square_shop, nicolae_shop_waterfront, nicolae_wwwww,
          blue_anna_alchemist
D:13:     dreamdust_under_siege, layout_loops_cross,
          grunt_vaults_entry_fortified, uniq_sonja
Temple:   regret_index_temple_generic_petals
Lair:1:   layout_loops_ring, st_stairs_11, uniq_erica
Lair:2:   layout_cave_pods, minmay_shoals_entry_centaurs, basic_altar,
          gauntlet_entry_generic, lemuel_fruit_fields, lemuel_fruit_fields
Lair:3:   layout_regular_city, guppyfry_snake_entry_island,
          grunt_forest_stairs_basic, lemuel_oklob_altar
Lair:4:   beast_lair_carwin_large_2, layout_loops_ring, slime_entry_2,
          serial_bayou_shore_b, lemuel_fruit_tree, grunt_megastairs_3,
          serial_bayou_shore_b, serial_bayou_shore_b, serial_bayou_shore_b
Lair:5:   minmay_lair_end_enchanted_forest, layout_regular_city,
          grunt_megastairs_2, lemuel_fruit_fields
Orc:1:    layout_caves, serial_shops, shop
Orc:2:    grunt_orc_tribal_feast, layout_caves

Skill      XL: |  1  2  3  4  5  6  7  8  9 10 11 12 13 14 15 |
---------------+----------------------------------------------+-----
Stealth        | 2 3 4 5 6 7 8 9 |  9.0
Dodging        | 2 3 4 5 6 7 8 |  8.3
Spellcasting   | 3 4 5 6 7 8 9 |  9.4
Conjurations   | 5 6 7 8 9 |  9.4
Fighting       | 1 3 4 6 8 9 10 | 10.5
Hexes          | 1 2 3 4 5 6 7 |  7.7
Shields        | 1 3 |  3.7
Transmutations | 7 |  7.4
Ice Magic      | 5 8 |  8.7
Air Magic      | 5 8 |  8.7
Long Blades    | 1 |  1.6

Action                   |  1- 3 |  4- 6 |  7- 9 | 10-12 | 13-15 || total
-------------------------+-------+-------+-------+-------+-------++-------
Melee: Unarmed           |    20 |       |       |       |       ||    20
       Punch             |     1 |       |     1 |     6 |       ||     8
       Short sword       |    17 |       |       |       |       ||    17
       Dagger            |    12 |    46 |    87 |   191 |    55 ||   391
       Long sword        |       |       |       |    75 |   646 ||   721
       Spear             |       |       |       |    14 |    23 ||    37
 Cast: Magic Dart        |    39 |    39 |    40 |    61 |   113 ||   292
       Searing Ray       |    13 |    30 |    60 |    51 |    30 ||   184
       Dazzling Flash    |       |     1 |     9 |    13 |    17 ||    40
       Fulminant Prism   |       |       |     1 |    62 |    77 ||   140
       Freezing Cloud    |       |       |       |       |   113 ||   113
       Irradiate         |       |       |       |       |    11 ||    11
Invok: Potion Petition   |       |       |       |       |     4 ||     4
Evoke: Wand              |       |       |       |    12 |     7 ||    19
       Piece from Xom's  |       |       |       |       |     1 ||     1
       Tin of tremorston |       |       |       |       |     1 ||     1
  Use: Scroll            |       |     5 |     7 |    22 |    11 ||    45
       Potion            |       |       |       |     2 |     7 ||     9
 Stab: Sleeping          |     3 |     6 |     6 |     2 |    11 ||    28
       Invisible         |       |       |       |     3 |     3 ||     6
       Distracted        |       |       |       |       |     9 ||     9
Armor: Robe              |     8 |    10 |    23 |       |       ||    41
       Steam dragon scal |       |       |     3 |    68 |   233 ||   304
Dodge: Dodged            |    41 |    49 |   173 |   361 |   551 ||  1175
       Repelled          |       |       |       |       |    10 ||    10
Block: Other             |       |       |    22 |    67 |       ||    89
       Buckler           |       |       |       |    13 |   426 ||   439
